 Dungeon Crawl Stone Soup version 0.17-a0-1572-g7a1422d (webtiles) character file.

1069 mrath the Covered (level 8, -3/70 HPs)
             Began as a Minotaur Fighter on July 25, 2015.
             Slain by an orc warrior
             ... wielding a +0 war axe
              (22 damage)
             ... on level 5 of the Dungeon.
             The game lasted 00:27:16 (4385 turns).

mrath the Covered (Minotaur Fighter)                Turns: 4385, Time: 00:27:16

Health: -3/70      AC:  7    Str: 23    XL:     8   Next: 7%
Magic:  7/7        EV:  9    Int:  5    God:
Gold:   106        SH: 10    Dex: 10    Spells: 0 memorised, 7 levels left

rFire  . . .     SeeInvis .     a - +0 war axe
rCold  . . .     Clarity  .     b - +0 scale mail
rNeg   . . .     SustAt   .     c - +0 shield
rPois  .         Gourm    .     (helmet restricted)
rElec  .         Spirit   .     (no cloak)
rCorr  .         Warding  .     (no gloves)
rMut   .         Stasis   .     (no boots)
MR     .....                    (no amulet)
Stlth  ..........               (no ring)
                                (no ring)

@: not resistant to hostile enchantments, extremely unstealthy
A: retaliatory headbutt, horns 2
a: no special abilities


You were on level 5 of the Dungeon.
You were not hungry.

You visited 1 branch of the dungeon, and saw 5 of its levels.

You collected 106 gold pieces.

Inventory:

Hand weapons
 a - a +0 war axe (weapon)
 k - a cursed -1 dagger
 o - a +1 dagger of protection
 s - a +0 hunting sling
 y - a +0 falchion of holy wrath
 B - a +1 whip of flaming
 D - a +2 trident of venom
Missiles
 d - 7 tomahawks (quivered)
 l - 56 sling bullets
 m - 144 stones
Armour
 b - a +0 scale mail (worn)
 c - a +0 shield (worn)
Jewellery
 v - an uncursed ring of fire
Scrolls
 f - 5 scrolls of remove curse
 h - 4 scrolls of identify
 n - a scroll of enchant weapon {unknown}
 u - a scroll of amnesia {unknown}
 w - a scroll of noise {unknown}
 x - a scroll of fear {unknown}
 z - a scroll of random uselessness {unknown}
Potions
 g - a potion of heal wounds
 p - a potion of curing
 r - a potion of beneficial mutation {unknown}
 t - a potion of agility {unknown}
 A - a potion of berserk rage {unknown}
 C - a potion of flight {unknown}
Books
 q - an Akashic Record

   Spells                             Type                      Level
   a - Dispersal                      Translocation                6
   b - Controlled Blink               Translocation                7
   c - Malign Gateway                 Summoning/Translocation      7
   d - Disjunction                    Translocation                8
Comestibles
 e - 2 bread rations
 i - 2 chunks of flesh
 j - 3 meat rations


   Skills:
 + Level 5.9 Fighting
 + Level 5.5 Axes
 + Level 1.0 Throwing
 + Level 6.8 Armour
 + Level 3.7 Dodging
 + Level 0.5 Stealth
 + Level 6.1 Shields


You had 7 spell levels left.
You didn't know any spells.

Dungeon Overview and Level Annotations

Branches:
Dungeon (5/15)
 Temple: D:4-7

Altars:
Cheibriados
Elyvilon
Makhleb
Vehumet


Innate Abilities, Weirdness & Mutations

You reflexively headbutt those who attack you in melee.
You have a pair of horns on your head.


Message History

You closely miss the orc. You hit the orc warrior.
The orc warrior is moderately wounded.
The orc warrior hits you with a war axe!
* * * LOW HITPOINT WARNING * * *
The orc barely misses you.
You closely miss the orc. Your headbutt misses the orc.
You hit the orc warrior but do no damage.
The orc warrior is moderately wounded.
You block the orc warrior's attack. The orc hits you but does no damage.
You hit the orc warrior.
The orc warrior is moderately wounded.
You barely miss the orc.
The orc priest looks braver for a moment.
You block the orc warrior's attack. You block the orc's attack.
You hit the orc warrior.
The orc warrior is heavily wounded.
You slash the orc!
The orc is severely wounded.
The orc warrior hits you with a war axe!!
You die...

#.......# #......##
##.....#
#.......... #(...##
##.......... #....#
#........... ##..##
#...(.......
##..####...........
##.(##............
##.@#..........$o
##oo.........o..
##.............
#.............
#............(
#........(...#
######.......#
##..##### #..


You could see an orc warrior and an orc.

Vanquished Creatures
  Pikel (D:4)
  2 ogres (D:4)
  A scorpion (D:4)
  2 hounds
  A giant frog zombie (D:4)
  An orc priest (D:3)
  2 orc wizards (D:3)
  3 worker ants (D:4)
  3 adders
  3 gnolls (D:4)
  An ooze (D:4)
  A worm (D:3)
  2 giant geckos
  15 orcs
  3 ball pythons (D:3)
  A bat skeleton (D:4)
  3 giant cockroaches
  12 hobgoblins
  8 jackals
  3 quokkas
  6 bats
  A giant gecko skeleton (D:4)
  7 giant newts
  5 goblins
  13 kobolds
  9 rats
109 creatures vanquished.

Notes
Turn   | Place    | Note
--------------------------------------------------------------
     0 | D:1      | mrath the Minotaur Fighter began the quest for the Orb.
     0 | D:1      | Reached XP level 1. HP: 19/19 MP: 0/0
   168 | D:1      | Reached XP level 2. HP: 27/27 MP: 1/1
   226 | D:1      | Reached skill level 4 in Fighting
   890 | D:2      | Found a burning altar of Makhleb.
   890 | D:2      | Noticed a cacodemon
   894 | D:2      | Noticed a smoke demon
   894 | D:2      | Noticed a hellwing
  1181 | D:2      | Reached XP level 3. HP: 31/33 MP: 2/2
  1426 | D:3      | Reached skill level 1 in Dodging
  1430 | D:3      | Reached XP level 4. HP: 20/40 MP: 3/3
  1476 | D:3      | Found a snail-covered altar of Cheibriados.
  1601 | D:3      | Found a white marble altar of Elyvilon.
  1774 | D:3      | Reached XP level 5. HP: 27/47 MP: 4/4
  2990 | D:4      | Reached skill level 5 in Armour
  3118 | D:4      | Reached XP level 6. HP: 40/55 MP: 5/5
  3410 | D:4      | Reached skill level 5 in Shields
  3472 | D:4      | Reached skill level 5 in Fighting
  3579 | D:4      | Noticed Pikel
  3579 | D:4      | Noticed a slave
  3579 | D:4      | Noticed a slave
  3579 | D:4      | Noticed a slave
  3579 | D:4      | Noticed a slave
  3593 | D:4      | Killed Pikel
  3593 | D:4      | Reached skill level 5 in Axes
  3593 | D:4      | Reached skill level 1 in Throwing
  3593 | D:4      | Reached skill level 6 in Armour
  3593 | D:4      | Reached XP level 7. HP: 45/61 MP: 6/6
  3829 | D:4      | Reached XP level 8. HP: 35/70 MP: 7/7
  4131 | D:5      | Entered Level 5 of the Dungeon
  4167 | D:5      | Found a radiant altar of Vehumet.
  4385 | D:5      | Slain by an orc warrior

Vault maps used:
D:1:      lemuel_arrival_muddy
D:2:      first_bread, makhleb_altar_promises_db
D:3:      elyvilon_altar_1, cheibriados_altar_1
D:4:      hangedman_decor_lopped, kennysheep_generic_room_8, uniq_pikel
D:5:      lemuel_zombie_altar_yredelemnul, kennysheep_little_box, st_stairs_12

Action                   |  1- 3 |  4- 6 |  7- 9 || total
-------------------------+-------+-------+-------++-------
Melee: War axe           |    85 |   144 |    63 ||   292
Throw: Tomahawk          |       |     3 |     3 ||     6
  Use: Scroll            |     2 |       |     1 ||     3
       Potion            |       |     3 |     1 ||     4
  Eat: Chunk             |     2 |     5 |       ||     7
       Bread ration      |       |     1 |       ||     1
